 Dungeon Crawl Stone Soup version 0.21-a0-615-g8e08f28 (webtiles) character file.

44 Firecrotchwizard the Skirmisher (level 3, 0/29 HPs)
             Began as a Demonspawn Abyssal Knight on Dec 22, 2017.
             Was a Believer of Lugonu.
             Slain by Terence
             ... wielding a +0 mace
              (8 damage)
             ... on level 2 of the Dungeon.
             The game lasted 00:01:49 (1334 turns).

Firecrotchwizard the Skirmisher (DsAK)              Turns: 1334, Time: 00:01:50

Health: 0/29       AC:  5    Str:  9 (12) XL:     3   Next: 41%
Magic:  5/5        EV: 11    Int: 17 (18) God:    Lugonu [**....]
Gold:   56         SH:  0    Dex: 10 (13) Spells: 2/2 levels left

rFire    + . .     SeeInvis .   a - +1 spear
rCold    . . .     Gourm    .   (no shield)
rNeg     . . .     Faith    .   b - +0 leather armour
rPois    .         Spirit   .   k - +2 hat
rElec    .         Reflect  .   (no cloak)
rCorr    .         Harm     .   (no gloves)
MR       .....                  (no boots)
Stlth    +.........             (no amulet)
HPRegen  0.09/turn              (no ring)
MPRegen  0.09/turn              (no ring)

@: brilliant
A: fire resistance 1, flame cloud immunity
a: Depart the Abyss, Bend Space, Renounce Religion


You were on level 2 of the Dungeon.
You worshipped Lugonu.
Lugonu was pleased with you.
You were hungry.

You visited 1 branch of the dungeon, and saw 2 of its levels.
You visited the Abyss 1 time.

You collected 56 gold pieces.

Inventory:

Hand Weapons
 a - a +1 spear (weapon)
Armour
 b - a +0 leather armour (worn)
 k - a +2 hat (worn)
   (You found it on level 2 of the Dungeon)
Scrolls
 d - a scroll of teleportation {unknown}
 e - 2 scrolls of blinking {unknown}
 f - 4 scrolls of remove curse {unknown}
 j - a scroll of identify {unknown}
 l - a scroll of immolation {unknown}
Comestibles
 c - 3 rations {@e1}


   Skills:
 + Level 3.3 Fighting
 * Level 2.4 Polearms
 + Level 2.1 Armour
 + Level 1.4 Dodging
 + Level 2.9 Invocations


You had 2 spell levels left.
You didn't know any spells.

Dungeon Overview and Level Annotations

Branches:
Dungeon (2/15)

Altars:

Annotations:
D:2 Terence


Innate Abilities, Weirdness & Mutations

Your flesh is heat resistant. (rF+)
You are immune to clouds of flame.


Message History

You feel sick. x3
You are no longer poisoned.
You take 2 damage, and have 13/29 hp.
You start resting.
Health restored: 29 You butcher the adder corpse.
i - 2 chunks of flesh {@w0}
l - a scroll labeled ACEDARH QUDIOR
Found a stone staircase leading up.
All of the chunks of flesh in your inventory have rotted away.
A dart slug comes into view.
A goblin comes into view.
Attack whom?
Aim: a dart slug You reach to attack!
You hit the dart slug. You hit the dart slug. The dart slug closely misses you.
You hit the dart slug.
You kill the dart slug!
Lugonu accepts your kill.
Attack whom?
Aim: a goblin You reach to attack!
You hit the goblin. You closely miss the goblin. The goblin closely misses you.
You hit the goblin. The goblin hits you.
You take 3 damage, and have 26/29 hp.
You hit the goblin.
You kill the goblin!
Lugonu accepts your kill.
No target in view!
A frilled lizard and Terence come into view.
Terence shouts!
The frilled lizard hisses angrily.
You see here a sedimented emerald potion.
Attack whom?
Aim: Terence, wielding a mace and wearing a chain mail You reach to attack!
You barely miss Terence. You hit Terence but do no damage.
Terence hits you but does no damage.
You hit Terence. You hit Terence. Terence hits you with a mace.
You take 2 damage, and have 25/29 hp.
You barely miss Terence. Terence misses you.
You hit Terence but do no damage. Terence barely misses you.
You barely miss Terence. The frilled lizard bites you.
Terence hits you but does no damage.
You take 2 damage, and have 23/29 hp.
You hit Terence. The frilled lizard closely misses you.
You closely miss Terence. Terence hits you but does no damage.
The frilled lizard misses you.
You hit Terence but do no damage.
The frilled lizard completely misses you.
Terence closely misses you.
You hit Terence but do no damage. The frilled lizard closely misses you.
Terence hits you but does no damage.
You hit Terence but do no damage. The frilled lizard barely misses you.
Terence completely misses you.
You closely miss Terence. The frilled lizard closely misses you.
You hit Terence. Terence hits you with a mace. The frilled lizard bites you.
You take 2 damage, and have 22/29 hp.
You barely miss Terence. Terence barely misses you.
The frilled lizard barely misses you.
You barely miss Terence. The frilled lizard misses you.
Terence closely misses you.
You hit Terence but do no damage. The frilled lizard bites you.
Terence shouts, "Get ready for death!"
Terence misses you.
You take 1 damage, and have 21/29 hp.
You closely miss Terence.
The frilled lizard bites you but does no damage.
Terence closely misses you.
You hit Terence. The frilled lizard bites you.
You take 1 damage, and have 20/29 hp.
You hit Terence but do no damage. Terence barely misses you.
The frilled lizard closely misses you.
You hit Terence but do no damage. Terence hits you with a mace.
The frilled lizard bites you but does no damage.
You take 4 damage, and have 16/29 hp.
You hit Terence but do no damage. The frilled lizard barely misses you.
Terence hits you with a mace!
* * * LOW HITPOINT WARNING * * *
You take 8 damage, and have 8/29 hp.
MASSIVE DAMAGE!!
Okay, then.
It was a potion of degeneration.
There was something very wrong with that liquid.
You feel weakened.
You feel dopey.
You feel clumsy.
The frilled lizard bites you but does no damage.
It was a potion of brilliance.
You feel clever all of a sudden. The frilled lizard closely misses you.
You barely miss the frilled lizard.
The frilled lizard bites you but does no damage.
You hit the frilled lizard.
The frilled lizard bites you but does no damage.
You hit the frilled lizard.
You kill the frilled lizard!
Lugonu accepts your kill.
You are feeling hungry.
You hit Terence but do no damage. Terence hits you with a mace!
You die...

.......#
#..# #....#
..........#
##.# ##.###
..........#
#.# #.#
..........#
#.# #.#
..........#
#.##
#######...#
#..# ...#
##.# #.#
#@# #@#
#.........#
#.........#
#.........#
#.........#
#.........#
#.........#
###....#'##


You could see Terence.

Vanquished Creatures
  An adder (D:2)
  3 dart slugs
  A leopard gecko (D:2)
  5 goblins
  4 hobgoblins
  3 bats
  3 frilled lizards
  7 kobolds
  3 rats
30 creatures vanquished.

Notes
Turn   | Place    | Note
-------+----------+-------------------------------------------
     0 | Abyss:1  | Firecrotchwizard the Demonspawn Abyssal Knight began the quest for the Orb.
     0 | Abyss:1  | Reached XP level 1. HP: 18/18 MP: 2/2
     4 | Abyss:1  | Found a corrupted altar of Lugonu.
    17 | Abyss:1  | Found a corrupted altar of Lugonu.
    41 | D:1      | Escaped the Abyss
   153 | D:1      | Reached skill level 1 in Dodging
   159 | D:1      | Reached skill level 2 in Polearms
   164 | D:1      | Gained mutation: Your flesh is heat resistant. (rF+) [demonic ancestry]
   164 | D:1      | Reached XP level 2. HP: 21/24 MP: 3/3
   601 | D:1      | Reached skill level 2 in Armour
   784 | D:1      | Reached ** piety under Lugonu
  1038 | D:2      | Gained mutation: You are immune to clouds of flame. [demonic ancestry]
  1038 | D:2      | Reached XP level 3. HP: 29/29 MP: 5/5
  1305 | D:2      | Noticed Terence
  1334 | D:2      | Slain by Terence

Vault maps used:
D:1:      minmay_arrival_cross, minmay_misc_feat_columns
D:2:      first_ration, uniq_sigmund, uniq_terence

Skill      XL: |  1  2 |
---------------+-------+-----
Dodging        | 1 |  1.4
Polearms       | 2 |  2.4
Armour         | 2 |  2.1
Fighting       | |  3.3
Invocations    | |  2.9

Action                   || total
-------------------------++-------
Melee: Spear             ||   134
  Use: Potion            ||     2
  Eat: Chunk             ||     1
Armor: Leather armour    ||    31
Dodge: Dodged            ||    59

Table legend:
 A = Spawn XP
 B = Non-spawn XP
 C = Spawn XP percentage of total XP
 D = Spawn monster count
 E = Non-spawn monster count
 F = Spawn count percentage of total count
 G = Total turns spent on level
                    A         B        C        D         E        F      G
               +---------+---------+-------+---------+---------+-------+---------
         Total |       0 |      64 |   0.0 |       0 |      30 |   0.0 |  1334
               +---------+---------+-------+---------+---------+-------+---------
           D:1 |       0 |      32 |   0.0 |       0 |      19 |   0.0 |   787
           D:2 |       0 |      32 |   0.0 |       0 |      11 |   0.0 |   506
               +---------+---------+-------+---------+---------+-------+---------

Vault maps used:
D:1:      minmay_arrival_cross, minmay_misc_feat_columns
D:2:      first_ration, uniq_sigmund, uniq_terence

Table legend:
 A = Turns spent in this place as a percentage of turns spent in the entire game.
 B = Non-inter-level travel turns spent in this place as a percentage of non-inter-level travel turns spent in the entire game.
 C = Inter-level travel turns spent in this place as a percentage of turns spent in this place.
 D = Turns resting spent in this place as a percentage of non-inter-level travel turns spent in this place.
 E = Turns spent auto-exploring this place as a percentage of non-inter-level travel turns spent in this place.
 F = Non-inter-level travel turns spent in this place divided by the number of levels of this place that you've seen.
                   A       B       C       D       E      F
               +-------+-------+-------+-------+-------+----------------------
         Total | 100.0 | 100.0 |   0.5 |  38.1 |  45.6 | 442.3
       Dungeon |  96.9 |  96.9 |   0.5 |  39.3 |  44.8 | 643.0
         Abyss |   3.1 |   3.1 |   0.0 |   0.0 |  70.7 |  41.0
               +-------+-------+-------+-------+-------+----------------------

Table legend:
 A = Kills in this place as a percentage of kills in entire the game.
 B = Kills by you in this place as a percentage of kills by you in the entire game.
 C = Kills by friends in this place as a percentage of kills by friends in the entire game.
 D = Other kills in this place as a percentage of other kills in the entire game.
 E = Experience gained in this place as a percentage of experience gained in the entire game.
 F = Experience gained in this place divided by the number of levels of this place that you have seen.
                   A       B       C       D       E      F
               +-------+-------+-------+-------+-------+----------------------
         Total | 100.0 | 100.0 |   N/A |   N/A | 100.0 |  21.3
       Dungeon | 100.0 | 100.0 |   N/A |   N/A | 100.0 |  32.0
               +-------+-------+-------+-------+-------+----------------------
